 Dungeon Crawl Stone Soup version bcrawl-1.37.2 (webtiles) character file.

Game seed: 17011890466442146756

116366 Bnni the Magician (level 3, 20/20 HPs)
             Began as a Skeleton Wizard on June 14, 2020.
             Quit the game on level 2 of the Dungeon on Oct 27, 2022.
             The game lasted 00:04:13 (1196 turns).

Bnni the Magician (Skeleton Wizard)                 Turns: 1196, Time: 00:04:14

Health: 20/20      AC:  3    Str: 13    XL:     3   Next: 30%
Magic:  3/9        EV: 12    Int: 17    God:
Gold:   78         SH:  0    Dex:  7    Spells: 8/11 levels left

rFire    . . .     GDR:     18% a - +0 staff
rCold    + . .     SeeInvis .   (no shield)
rNeg     + + +     Gourm    .   b - +0 robe
rPois    ∞         Faith    .   c - +0 hat
rElec    .         Spirit   +   (no cloak)
rCorr    .         Reflect  .   (no gloves)
MR       .....                  f - +0 pair of boots
Stlth    ++........             (no amulet)
HPRegen  0.13/turn              (no ring)
MPRegen  0.11/turn              (no ring)

@: no status effects
A: no food or potions, cold resistance 1, deterioration 1, negative energy
resistance 3, torment resistance, unbreathing, magic shield, sturdy frame 1,
spell healing
a: no special abilities


You were on level 2 of the Dungeon.
You were not hungry.

You visited 1 branch of the dungeon, and saw 2 of its levels.

You collected 78 gold pieces.

Inventory:

Hand Weapons
 a - a +0 staff (weapon)
Armour
 b - a +0 robe (worn)
 c - a +0 hat (worn)
 f - a +0 pair of boots (worn)
Scrolls
 d - 4 scrolls of identify {unknown}
 e - a scroll of enchant armour {unknown}
 g - a scroll of teleportation {unknown}
 h - a scroll of magic mapping {unknown}


   Skills:
 + Level 1.3 Fighting
 - Level 2.0 Dodging
 - Level 2.4 Stealth
 + Level 4.9 Spellcasting
 * Level 2.9 Conjurations
   Level 1.1 Summonings
 - Level 0.7 Translocations


You had 8 spell levels left.
You knew the following spells:

 Your Spells              Type           Power        Failure   Level  Hunger
a - Magic Dart            Conj           ##..         4%          1    N/A
b - Blink                 Tloc           N/A          16%         2    N/A

Your spell library contained the following spells:

 Spells                   Type           Power        Failure   Level  Hunger
 Call Imp                 Summ           #.....       14%         2    N/A
 Conjure Flame            Conj/Fire      #.......     24%         3    N/A
 Mephitic Cloud           Conj/Pois/Air  #.......     28%         3    N/A
 Spider Form              Tmut/Pois      Unusable     N/A         3    N/A

Dungeon Overview and Level Annotations

Branches:
Dungeon (2/12)

Altars:


Innate Abilities, Weirdness & Mutations

You do not eat or drink.
You are immune to poison.
Your flesh is cold resistant. (rC+)
Your body sometimes deteriorates upon taking damage.
You are immune to negative energy. (rN+++)
You are immune to unholy pain and torment.
You can survive without breathing.
When hurt, damage is shared between your health and your magic reserves.
Your movements are slightly less encumbered by armour. (ER -2)
Casting spells heals you.


Message History

Casting: Magic Dart (safe; 4% risk of failure)
Confirm with . or Enter, or press ? or * to list all spells.
Aiming: Magic Dart (safe; 4% risk of failure)
Press: ? - help, Shift-Dir - straight line, f/p - hobgoblin
Aim: a hobgoblin (moderately wounded)
The magic dart hits the hobgoblin.
You kill the hobgoblin!
Casting: Magic Dart (safe; 4% risk of failure)
Confirm with . or Enter, or press ? or * to list all spells.
Aiming: Magic Dart (safe; 4% risk of failure)
Press: ? - help, Shift-Dir - straight line, f - bat
Aim: a bat The magic dart hits the bat.
You kill the bat!
Unknown command.
Welcome back, Bnni the Skeleton Wizard.
Press m to set your skill training.
Press ? for a list of commands and other information.
You are not religious.
You are not religious.
Are you sure you want to abandon this character and quit the game? (Confirm with "yes".)

######..########.#....#
#...##......#....#
#...##.####.#....#
#....#.....#........#
#..#####..#..(#...####
... #.####.....# #. ..#
#......# .
...##.##.#....#
..#.#@.##.#..###
.................
............####.#
.#..........# .#
#........†.#
#..........#
#............
#.#......#....


There were no monsters in sight!

Vanquished Creatures
  An adder (D:2)
  A worm (D:1)
  2 dart slugs (D:2)
  A leopard gecko (D:1)
  2 giant cockroaches (D:1)
  A goblin (D:1)
  5 hobgoblins
  A jackal (D:2)
  2 bats (D:2)
  A frilled lizard (D:1)
  2 kobolds (D:1)
  4 rats
23 creatures vanquished.

Notes
Turn   | Place    | Note
-------+----------+-------------------------------------------
     0 | D:1      | Bnni the Skeleton Wizard began the quest for the Orb.
     0 | D:1      | Reached XP level 1. HP: 10/10 MP: 5/5
   310 | D:1      | Reached XP level 2. HP: 16/16 MP: 3/7
   704 | D:1      | Learned a level 2 spell: Blink
   819 | D:2      | Reached skill level 1 in Fighting
   863 | D:2      | Reached XP level 3. HP: 20/20 MP: 6/9
  1196 | D:2      | Upgraded the game from bcrawl-1.24 to bcrawl-1.37.2
  1196 | D:2      | Quit the game

Skill      XL: |  1  2 |
---------------+-------+-----
Conjurations   | 2 |  2.9
Fighting       | 1 |  1.3
Dodging        | |  2.0
Stealth        | |  2.4
Spellcasting   | |  4.9
Summonings     | |  1.1
Translocations | |  0.7

Action                   || total
-------------------------++-------
Melee: Staff             ||    17
 Cast: Magic Dart        ||    73
 Stab: Sleeping          ||     1
Armor: Robe              ||     5
Dodge: Dodged            ||    17
